 Dungeon Crawl Stone Soup version 0.28.0 (webtiles) character file.

Game seed: 18201346363451674587

5364 themarg the Spear-Bearer (level 10, -2/88 HPs)
             Began as a Minotaur Monk on Feb 8, 2022.
             Killed from afar by a manticore (14 damage)
             ... with a volley of spikes
             ... on level 8 of the Dungeon.
             The game lasted 00:58:34 (8594 turns).

themarg the Spear-Bearer (Minotaur Monk)            Turns: 8594, Time: 00:58:35

Health: -2/88      AC: 10    Str: 22    XL:     10   Next: 39%
Magic:  9/9        EV: 17    Int:  9    God:
Gold:   413        SH:  0    Dex: 21    Spells: 8/9 levels left

rFire   . . .      SeeInvis .   c - +1 spear (venom)
rCold   + . .      Faith    .   (no shield)
rNeg    . . .      Spirit   .   G - +0 steam dragon scales
rPois   .          Reflect  .   (helmet restricted)
rElec   .          Harm     .   k - +0 cloak
rCorr   .          Rampage  .   m - +0 pair of gloves
Will    .....                   t - -1 pair of boots of the Cobbler {*Slow rC+ Slay+3}
Stlth   +++.......              (no amulet)
HPRegen 0.24/turn               J - +6 ring of strength
MPRegen 0.11/turn               o - +6 ring of dexterity

@: spiked
A: horns 2, retaliatory headbutt
a: no special abilities


You were on level 8 of the Dungeon.
You visited 1 branch of the dungeon, and saw 8 of its levels.

You collected 413 gold pieces.

Inventory:

Hand Weapons
 c - a +1 spear of venom (weapon)
 g - a +3 short sword
 j - a +2 vampiric falchion
 l - a +0 flail of protection
Armour
 k - a +0 cloak (worn)
 m - a +0 pair of gloves (worn)
 t - the -1 pair of boots of the Cobbler (worn) {*Slow rC+ Slay+3}
   (You found it on level 5 of the Dungeon)

   Slay:      It affects your accuracy & damage with ranged weapons and melee
   (+3).
   rC:        It protects you from cold.
   *Slow:     It may slow you when you take damage.
 v - a +0 ring mail of fire resistance
 G - +0 steam dragon scales (worn)
 I - the +4 chain mail of Inference {Str+3}
   (You found it on level 7 of the Dungeon)

   Str:       It affects your strength (+3).
Magical Staves
 e - a staff of poison
 p - a staff of air
Jewellery
 h - a +6 ring of intelligence
 o - a +6 ring of dexterity (right hand)
 J - a +6 ring of strength (left hand)
Wands
 b - a wand of paralysis (5)
 q - a wand of iceblast (10)
 r - a wand of flame (19)
 u - a wand of acid (5)
Scrolls
 n - a scroll of teleportation
 s - a scroll of holy word
 w - a scroll of fog {unknown}
 x - a scroll of silence {unknown}
 y - a scroll of magic mapping {unknown}
 A - 2 scrolls of enchant armour {unknown}
 C - a scroll of fear {unknown}
 F - 2 scrolls of identify
 H - a scroll of amnesia {unknown}
Potions
 a - 3 potions of mutation
 i - a potion of magic {unknown}
 z - a potion of resistance {unknown}
 B - a potion of attraction {unknown}
 D - a potion of might {unknown}
 E - 2 potions of haste {unknown}


   Skills:
 + Level 8.3 Fighting
 + Level 4.2 Long Blades
 + Level 11.0 Polearms
 + Level 8.5 Armour
 + Level 7.7 Dodging
 + Level 4.3 Stealth


You had 8 spell levels left.
You knew the following spells:

 Your Spells              Type           Power      Damage    Failure   Level
a - Magic Dart            Conj           0%         1d3       38%         1

Your spell library contained the following spells:

 Spells                   Type           Power      Damage    Failure   Level
 Freeze                   Ice            0%         1d3       38%         1
 Frozen Ramparts          Ice            0%         1d2       77%         3
 Hailstorm                Conj/Ice       0%         3d3       99%         4


Dungeon Overview and Level Annotations

Branches:
Dungeon (8/15)               Lair (0/6) D:8
 Temple: D:4-7

Altars:
Uskayaw
Xom
The Shining One

Annotations:
D:4 2 transporters, 1 exclusion, HallandMoats's ghost, amateur OpMo; Sigmund
D:5 Pikel
D:6 3 runed translucent doors, Acetwo5's ghost, novice MiFi
D:7 Maggie


Innate Abilities, Weirdness & Mutations

You have a pair of horns on your head.
You reflexively headbutt those who attack you in melee.


Message History

The manticore completely misses you.
You hit the manticore.
The manticore is poisoned.
The manticore is lightly wounded.
The manticore completely misses you. You furiously retaliate!
You headbutt the manticore. The manticore barely misses you.
The manticore closely misses you.
You puncture the manticore!
The manticore looks as sick as possible!
You headbutt the manticore!
The manticore is severely wounded.
The barbed spikes dig painfully into your body as you move.
The barbed spikes dig painfully into your body as you move.
The manticore flicks its tail.
The volley of spikes hits you.
The barbed spikes become lodged in your body.
You see here a fizzy dark potion.
The barbed spikes dig painfully into your body as you move.
The manticore flicks its tail.
The volley of spikes misses you.
The barbed spikes dig painfully into your body as you move.
The manticore flicks its tail.
The volley of spikes hits you.
The barbed spikes become lodged in your body.
The barbed spikes dig painfully into your body as you move.
* * * LOW HITPOINT WARNING * * *
The barbed spikes dig painfully into your body as you move.
* * * LOW HITPOINT WARNING * * *
The barbed spikes dig painfully into your body as you move.
* * * LOW HITPOINT WARNING * * *
The manticore flicks its tail.
The volley of spikes misses you.
You feel better.
The manticore flicks its tail.
The volley of spikes hits you!
The barbed spikes become lodged in your body.
* * * LOW HITPOINT WARNING * * *
The manticore flicks its tail.
The volley of spikes hits you!
The barbed spikes become lodged in your body.
You die...

.....#
#.#
.....#
#.#
..####
#.# ..#
#.#
..#####
#.#
......#
#.#
.g....#
#.#
......#
#.#
(.....#
#@#
..#.###
#.#
..#.#
#.#
....#
#.#
....#
#.#
....#
#H#
....#
#.#
###.#
#.# # #
#.#


You could see a manticore (very poisoned).

Vanquished Creatures
  A manticore (D:8)
  A hornet (D:8)
  8 yaks (D:8)
  4 steam dragons
  2 wargs (D:8)
  A water moccasin (D:5)
  2 ice beasts (D:6)
  4 orc warriors (D:8)
  3 necrophages
  2 ogres
  3 centaurs
  3 phantoms
  A lemure (D:5)
  Blork the orc (D:3)
  2 gnoll sergeants (D:8)
  A bullfrog (D:8)
  2 scorpions
  2 water moccasin skeletons (D:5)
  2 howler monkeys
  2 centaur zombies (D:8)
  A bullfrog zombie (D:5)
  2 jellies
  5 orc priests
  A gnoll shaman (D:7)
  2 centaur skeletons (D:6)
  2 iguanas (D:5)
  Ijyb (D:5)
  5 orc wizards
  A hound zombie (D:3)
  A howler monkey zombie (D:8)
  2 adders
  16 gnolls
  A white imp (D:6)
  4 dart slugs
  15 orcs
  9 endoplasms
  5 giant cockroaches
  7 goblins
  5 hobgoblins
  3 jackals
  9 kobolds
  3 quokkas
  4 ball pythons
  2 bats
  5 frilled lizards
  3 rats (D:3)
161 creatures vanquished.

Vanquished Creatures (others)
  A bush (D:6)
  A plant (D:8)
2 creatures vanquished.

Grand Total: 163 creatures vanquished

Notes
Turn   | Place    | Note
-------+----------+-------------------------------------------
     0 | D:1      | themarg the Minotaur Monk began the quest for the Orb.
     0 | D:1      | Reached XP level 1. HP: 19/19 MP: 0/0
   378 | D:1      | Reached XP level 2. HP: 27/27 MP: 1/1
   685 | D:1      | Found a faded altar of an unknown god.
   692 | D:1      | Got Plato's Handbook of Combat Magic
   695 | D:1      | Learned a level 1 spell: Magic Dart
  1606 | D:2      | Reached XP level 3. HP: 33/33 MP: 2/2
  1610 | D:2      | Reached skill level 1 in Polearms
  1730 | D:2      | Found a glowing golden altar of the Shining One.
  2186 | D:2      | Reached XP level 4. HP: 20/41 MP: 3/3
  2366 | D:2      | Reached skill level 2 in Polearms
  2467 | D:3      | Paralysed by an orc for 7 turns
  2477 | D:3      | Paralysed by an orc for 3 turns
  2491 | D:2      | Reached skill level 1 in Armour
  2761 | D:3      | Reached XP level 5. HP: 42/47 MP: 4/4
  3176 | D:3      | Reached skill level 3 in Polearms
  3560 | D:4      | Reached XP level 6. HP: 55/55 MP: 5/5
  3579 | D:4      | Noticed Blork the orc
  3585 | D:4      | Found a transporter.
  3595 | D:3      | Killed Blork the orc
  3652 | D:3      | Reached skill level 4 in Polearms
  3663 | D:4      | Noticed HallandMoats's ghost (amateur OpMo)
  3690 | D:4      | Found a transporter.
  3761 | D:4      | Noticed Sigmund
  3780 | D:5      | Entered Level 5 of the Dungeon
  3782 | D:5      | Noticed Ijyb
  3797 | D:5      | Killed Ijyb
  3929 | D:5      | Reached skill level 5 in Fighting
  3929 | D:5      | Reached XP level 7. HP: 50/61 MP: 6/6
  4130 | D:5      | Reached skill level 5 in Polearms
  4243 | D:5      | Identified the -1 pair of boots of the Cobbler {*Slow rC+
                  | Slay+3}
  4311 | D:5      | Reached skill level 5 in Dodging
  4558 | D:5      | Reached skill level 5 in Armour
  4793 | D:5      | Noticed Pikel
  4798 | D:6      | Found a hide-covered altar of Uskayaw.
  4814 | D:6      | Reached skill level 6 in Polearms
  4834 | D:6      | Reached XP level 8. HP: 60/69 MP: 7/7
  5264 | D:6      | Found a runed translucent gate.
  5264 | D:6      | Found a runed translucent gate.
  5264 | D:6      | Found a runed translucent gate.
  5264 | D:6      | Noticed Acetwo5's ghost (novice MiFi)
  5419 | D:6      | Reached skill level 7 in Polearms
  6498 | D:7      | Found a shimmering altar of Xom.
  6510 | D:7      | Noticed Maggie
  6646 | D:7      | Identified the +4 chain mail of Inference {Str+3}
  6700 | D:7      | Reached skill level 8 in Polearms
  6700 | D:7      | Reached XP level 9. HP: 73/78 MP: 8/8
  6791 | D:7      | You fall into a shaft and drop 1 floor!
  6810 | D:8      | Noticed a manticore
  6826 | D:8      | Killed a manticore
  6947 | D:8      | Found a staircase to the Lair.
  6983 | D:8      | Reached skill level 9 in Polearms
  7619 | D:8      | Reached XP level 10. HP: 87/88 MP: 9/9
  7704 | D:8      | Reached skill level 10 in Polearms
  7939 | D:8      | Identified the +3 leather armour "Renwusime" {Rampage rPois
                  | Will++}
  8512 | D:8      | Reached skill level 11 in Polearms
  8578 | D:8      | Noticed a manticore
  8594 | D:8      | Killed from afar by a manticore

Illustrated notes

Levels and vault maps discovered:
D:1:      wander_arrival_peaceful_grave, layout_loops_corners,
          shapermc_ecumenical_altar_rom_forum
D:2:      layout_rooms, basic_altar, grunt_ministairs_2,
          nicolae_concentric_dashed_squares_wild, minmay_crystal_water,
          st_stairs_5
D:3:      minmay_octagon_keep, layout_rooms, serial_glass, glass_columns_a,
          glass_columns_a, hex_medium
D:4:      layout_rooms, minmay_temple_entry_hall, gammafunk_ghost_arena,
          grunt_decor_fettered, uniq_sigmund, uniq_blork_the_orc
D:5:      layout_basic, uniq_ijyb, uniq_pikel
D:6:      layout_loops_ring, nicolae_uskayaw_dance_hall,
          ebering_ghost_rock_garden, minmay_misc_feat_cross,
          kb_lookout_dungeons_type
D:7:      layout_loops_corners, lemuel_crystal_altar, minmay_fire_ice_demons,
          uniq_prince_ribbit1, uniq_duvessa, uniq_maggie
D:8:      layout_rooms, slow_altar_2, erik_lair_orcish_takeover,
          gammafunk_ghost_grave, grunt_ministairs_3, minmay_pinched_square

Skill      XL: |  1  2  3  4  5  6  7  8  9 10 |
---------------+-------------------------------+-----
Fighting       | 4 5 6 7 8 |  8.3
Long Blades    | 4 |  4.2
Polearms       | 1 2 3 4 6 8 9 11 | 11.0
Stealth        | 2 3 4 |  4.3
Armour         | 1 2 4 5 7 8 |  8.5
Dodging        | 4 5 7 |  7.7

Action                   |  1- 3 |  4- 6 |  7- 9 | 10-12 || total
-------------------------+-------+-------+-------+-------++-------
Melee: Spear             |    66 |   137 |   259 |    95 ||   557
       Headbutt          |     8 |    19 |    71 |    34 ||   132
       Punch             |       |     3 |     4 |     4 ||    11
Throw: Throwing net      |       |       |       |     1 ||     1
  Use: Scroll            |       |     4 |     2 |       ||     6
       Potion            |       |       |     2 |     1 ||     3
 Stab: Sleeping          |     3 |     1 |     2 |       ||     6
       Distracted        |       |       |     1 |       ||     1
Armor: Robe              |     4 |       |       |       ||     4
       Ring mail         |     4 |    54 |    33 |       ||    91
       Chain mail        |       |       |    22 |       ||    22
       Steam dragon scal |       |       |    18 |    13 ||    31
Dodge: Dodged            |    29 |    76 |   139 |    50 ||   294
